Map: Star Crafts Mod

Players

MrFercho - Winner!

  • Race: Zerg Zerg
  • Spawn Location: 3:00

TATORREA

  • Race: Protoss Protoss
  • Spawn Location: 12:00

tigro

  • Race: Terran Terran
  • Spawn Location: 12:00

Player 4 - Winner!

  • Race: Protoss Protoss
  • Spawn Location: 3:00

VOD

Have the link to the VOD?

Description

Time

  • Played on: April 17, 2020, 8:12 p.m.
  • Length: 16:15
Show
View Real Time Build Order
Export as new Build Order

MrFercho Zerg - Winner!

Build Orders: Pool First 

Get SALT Encoding   

  12  0:03  Drone  
  13  0:15  Overlord  
  13  0:17  Drone  
  14  0:38  Extractor  
  14  0:39  Drone x3  
  16  0:54  Spawning Pool  
  16  0:57  Drone  
  16  1:12  Drone x2  
  18  1:33  Drone x2  
  18  1:38  Extractor  
  19  1:46  Metabolic Boost  
  19  1:52  Zergling x2  
  20  1:56  Queen  
  22  2:07  Overlord  
  22  2:26  Overlord x2  
  22  2:37  Hatchery  
  21  2:46  Drone x2  
  22  3:08  Lair  
  22  3:10  Zergling x4  
  25  3:27  Zergling x4  
  26  4:00  Drone  
  27  4:17  Evolution Chamber  
  27  4:21  Evolution Chamber  
  25  4:25  Spire  
  24  4:38  Pneumatized Carapace  
  24  4:40  Burrow  
  20  4:55  Drone x2  
  20  4:56  Drone  
  20  4:59  Drone x4  
  27  5:06  Infestation Pit  
  27  5:07  Zerg Melee Weapons Level 1  
  26  5:13  Drone  
  27  5:32  Drone  
  27  5:33  Drone  
  29  5:41  Drone x3  
  32  5:46  Extractor  
  32  5:49  Extractor, Drone  
  31  6:03  Zerg Ground Armor Level 1  
  31  6:07  Hive  
  31  6:22  Drone x4  
  31  6:23  Drone x5  
  31  6:24  Drone  
  31  6:25  Queen  
  43  7:10  Zerg Flyer Weapons Level 1  
  43  7:14  Zerg Melee Weapons Level 2  
  43  7:20  Adrenal Glands  
  43  7:24  Hatchery  
  42  7:33  Mutalisk x3  
  48  7:44  Mutalisk  
  48  7:47  Overlord x2  
  50  8:26  Extractor  
  49  8:28  Extractor  
  48  8:55  Drone x2  
  50  9:03  Drone  
  50  9:04  Drone x7  
  58  9:14  Hatchery  
  57  9:18  Hatchery  
  57  9:22  Hatchery x2  
  54  9:30  Hatchery  
  53  9:33  Drone x3  
  48  10:36  Drone  
  48  10:37  Drone x12  
  61  10:49  Drone x3  
  64  11:09  Zerg Melee Weapons Level 3, Zerg Ground Armor Level 2  
  64  11:20  Greater Spire  
  64  11:21  Spire  
  63  11:26  Spire  
  62  11:33  Ultralisk Cavern  
  61  11:47  Drone  
  61  11:48  Drone x2  
  64  12:01  Mutalisk  
  64  12:02  Mutalisk x19  
  104  12:10  Overlord x3  
  104  12:11  Overlord  
  104  12:26  Chitinous Plating  
  104  12:35  Hydralisk Den  
  104  12:36  Zerg Flyer Weapons Level 2  
  103  13:45  Anabolic Synthesis  
Show
View Real Time Build Order
Export as new Build Order

TATORREA Protoss 

Build Orders:  

Get SALT Encoding   

  12  1:20  Pylon  
  12  1:29  Assimilator  
  12  1:34  Assimilator  
  12  1:35  Probe (Chrono Boost)  
  13  1:46  Probe (Chrono Boost)  
  14  1:49  Gateway  
  14  1:51  Probe (Chrono Boost)  
  15  1:55  Forge  
  15  2:01  Probe  
  15  2:05  Pylon  
  16  2:14  Probe (Chrono Boost)  
  17  2:28  Probe (Chrono Boost)  
  18  2:37  Probe (Chrono Boost)  
  19  2:41  Probe (Chrono Boost)  
  20  2:51  Zealot  
  22  2:52  Probe  
  23  3:18  Zealot  
  23  3:19  Cybernetics Core  
  25  3:21  Probe (Chrono Boost)  
  26  3:31  Probe (Chrono Boost)  
  27  3:45  Gateway  
  27  3:49  Gateway  
  27  3:50  Gateway  
  27  3:54  Gateway  
  27  4:01  Nexus  
  27  4:05  Assimilator  
  27  4:07  Assimilator  
  27  4:12  Probe  
  27  4:16  Warp Gate (Chrono Boost)  
  28  4:18  Protoss Ground Weapons Level 1  
  28  4:30  Stalker  
  30  4:39  Probe (Chrono Boost)  
  31  5:10  Pylon  
  31  5:12  Pylon  
  31  5:13  Stalker, Probe  
  34  5:18  Pylon  
  34  5:25  Probe  
  36  5:43  Sentry  
  36  5:44  Probe (Chrono Boost)  
  36  5:45  Probe (Chrono Boost)  
  39  5:54  Probe (Chrono Boost)  
  40  6:09  Photon Cannon  
  40  6:10  Photon Cannon  
  40  6:12  Photon Cannon  
  40  6:14  Photon Cannon  
  40  6:22  Probe x2 (Chrono Boost)  
  40  6:23  Protoss Ground Armor Level 1  
  43  6:34  Probe (Chrono Boost)  
  43  6:40  Probe x2 (Chrono Boost)  
  45  6:48  Protoss Air Weapons Level 1 (Chrono Boost)  
  45  6:57  Shield Battery  
  45  7:02  Stargate  
  45  7:03  Stargate  
  45  7:06  Stargate  
  45  7:18  Probe  
  45  7:20  Probe  
  47  7:30  Probe  
  47  7:32  Probe  
  49  7:42  Probe  
  50  7:44  Probe  
  50  7:45  Stalker  
  50  7:46  Stalker  
  50  7:47  Stalker x2  
  50  7:48  Stalker  
  61  8:21  Probe  
  61  8:25  Protoss Shields Level 1  
  62  8:34  Sentry  
  64  8:35  Sentry  
  64  8:36  Sentry x2  
  70  8:47  Protoss Air Armor Level 1  
  70  9:04  Pylon  
  70  9:08  Pylon  
  70  9:12  Pylon  
  70  9:22  Void Ray  
  74  9:42  Pylon  
  74  9:45  Pylon  
  74  9:47  Nexus  
  74  9:50  Assimilator  
  74  9:52  Assimilator  
  60  10:48  Probe (Chrono Boost)  
  49  10:50  Probe (Chrono Boost)  
  48  10:59  Stalker x3  
  48  11:00  Stalker, Probe (Chrono Boost)  
  48  11:01  Stalker  
  59  11:05  Probe (Chrono Boost)  
  60  12:10  Fleet Beacon  
  60  12:23  Twilight Council  
  60  12:42  Probe (Chrono Boost)  
  60  12:43  Robotics Facility  
  62  12:53  Stalker, Probe (Chrono Boost)  
  62  12:54  Stalker x3  
  62  12:55  Stalker  
  62  12:57  Probe (Chrono Boost)  
  73  13:07  Tempest (Chrono Boost), Carrier (Chrono Boost)  
  73  13:08  Void Ray (Chrono Boost), Probe  
  65  13:21  Probe  
  66  13:36  Probe (Chrono Boost)  
  67  13:41  Tempest  
  67  13:47  Probe (Chrono Boost)  
  79  13:51  Probe (Chrono Boost)  
  18  15:38  Pylon  
  18  15:42  Pylon  
  17  15:46  Pylon  
  9  15:50  Pylon  
Show
View Real Time Build Order
Export as new Build Order

tigro Terran 

Build Orders:  

Get SALT Encoding   

  12  0:06  SCV  
  13  0:19  Supply Depot, SCV  
  14  0:31  SCV  
  14  0:35  Refinery  
  15  0:41  Refinery  
  15  1:01  Barracks  
  15  1:07  SCV  
  16  1:19  SCV  
  17  1:31  SCV  
  18  1:42  Supply Depot  
  18  1:44  SCV  
  19  1:51  Marine  
  20  1:56  SCV  
  21  2:09  Barracks, Marine  
  22  2:22  Engineering Bay  
  22  2:27  Marine  
  22  2:28  SCV  
  24  2:40  SCV  
  25  2:45  Marine  
  26  2:52  SCV  
  27  3:03  Marine  
  27  3:04  SCV  
  29  3:09  Barracks Tech Lab  
  29  3:21  Marine  
  29  3:23  Factory  
  30  3:37  Command Center  
  30  3:39  Combat Shield  
  30  3:43  Barracks Tech Lab  
  30  4:04  Stimpack  
  30  4:18  Factory Tech Lab  
  30  4:25  Orbital Command  
  30  4:28  Supply Depot  
  30  4:46  Marauder  
  30  4:49  Marauder  
  31  4:58  Concussive Shells  
  31  5:14  Armory, Terran Infantry Weapons Level 1  
  31  5:23  Planetary Fortress  
  31  5:34  Marauder  
  35  5:36  Marauder  
  35  5:51  Siege Tank  
  35  5:56  Marine  
  39  6:04  SCV  
  39  6:11  Refinery  
  40  6:16  SCV  
  41  6:19  Marauder  
  43  6:28  SCV  
  44  6:40  Marine, SCV  
  46  6:52  SCV  
  46  6:53  Missile Turret  
  47  6:58  Marine  
  48  7:04  SCV  
  48  7:08  Terran Infantry Armor Level 1  
  49  7:10  Refinery  
  49  7:15  Marine  
  49  7:17  SCV  
  51  7:29  SCV  
  52  7:30  Starport  
  52  7:33  Marine  
  52  7:35  Terran Vehicle Weapons Level 1  
  53  7:41  SCV  
  54  7:59  Siege Tank  
  57  8:07  Missile Turret  
  57  8:30  Medivac  
  59  8:42  Missile Turret  
  59  8:50  Marine  
  59  8:53  Marine  
  61  9:00  Viking  
  61  9:02  Neosteel Armor  
  63  9:08  Marine  
  64  9:11  Marine  
  65  9:26  Marine  
  65  9:29  Marine, Terran Vehicle And Ship Armor Level 1  
  67  9:40  Missile Turret  
  67  9:44  Marine  
  68  9:47  Marine  
  68  9:51  Starport Tech Lab  
  69  9:56  SCV  
  70  10:01  Marine  
  70  10:05  Marine  
  63  10:24  Marine  
  63  10:27  Viking  
  44  10:41  Marine  
  44  10:42  Hi-Sec Auto Tracking  
  45  10:44  Marine  
  44  10:57  Viking  
  44  10:59  Marine  
  44  11:02  Marine  
  48  11:16  SCV  
  48  11:17  Marine  
  50  11:19  Marine  
  50  11:23  Terran Ship Weapons Level 1  
  51  11:27  Viking  
  51  11:28  SCV  
  51  11:31  Corvid Reactor  
  54  11:35  Marine  
  54  11:37  Marine  
  54  11:39  Terran Infantry Weapons Level 2, Missile Turret  
  56  11:40  SCV  
  56  11:43  Infernal Pre-Igniter  
  57  11:53  SCV  
  58  11:55  Marine  
  58  11:57  Viking  
  61  12:05  SCV  
  61  12:07  Fusion Core  
  62  12:17  Command Center  
  62  12:27  Viking  
  47  12:54  Marine  
  43  13:08  Marine  
  43  13:11  Viking, Marine  
  31  13:18  Weapon Refit  
  17  13:57  Command Center  
  17  14:20  Command Center  
  17  14:26  Command Center  
  16  14:55  Missile Turret  
  14  15:00  Missile Turret  
  14  15:04  Barracks  
Show
View Real Time Build Order
Export as new Build Order

Player 4 Protoss - Winner!

Build Orders:  

Get SALT Encoding   

  12  0:01  Probe  
  13  0:13  Probe  
  14  0:19  Pylon  
  14  0:25  Probe  
  15  0:34  Probe  
  15  0:41  Gateway  
  15  0:42  Probe  
  16  0:47  Assimilator  
  17  0:52  Probe  
  18  0:57  Assimilator  
  18  1:00  Probe  
  19  1:08  Probe  
  19  1:10  Pylon  
  20  1:22  Probe  
  21  1:32  Zealot  
  23  1:34  Cybernetics Core  
  23  1:36  Probe  
  24  1:49  Probe  
  25  1:59  Probe  
  26  2:07  Probe  
  26  2:13  Stargate  
  26  2:15  Probe, Stargate  
  27  2:18  Pylon  
  28  2:27  Probe  
  29  2:30  Pylon  
  29  2:44  Probe  
  30  2:59  Void Ray  
  30  3:00  Probe  
  35  3:06  Zealot  
  35  3:08  Void Ray  
  41  3:17  Pylon  
  41  3:19  Probe  
  42  3:31  Probe  
  43  3:43  Probe  
  44  3:55  Probe  
  44  4:00  Robotics Facility  
  45  4:06  Probe  
  46  4:14  Probe  
  46  4:22  Probe  
  48  4:34  Probe  
  49  4:42  Pylon  
  49  4:46  Probe  
  49  4:47  Warp Prism  
  52  4:58  Phoenix, Probe  
  53  5:00  Void Ray, Warp Gate  
  53  5:02  Gateway  
  53  5:04  Forge  
  59  5:07  Pylon  
  59  5:10  Probe  
  60  5:19  Void Ray  
  60  5:26  Pylon  
  64  5:33  Nexus  
  64  5:39  Protoss Ground Weapons Level 1  
  64  5:49  Void Ray  
  68  5:56  Void Ray  
  72  6:11  Pylon  
  72  6:23  Void Ray  
  76  6:46  Probe  
  76  6:47  Probe  
  78  6:55  Void Ray  
  78  6:58  Probe  
  78  6:59  Probe  
  84  7:17  Observer  
  84  7:22  Assimilator  
  85  7:25  Assimilator  
  85  7:31  Protoss Ground Armor Level 1  
  85  7:33  Forge  
  85  7:35  Phoenix  
  85  7:36  Nexus  
  87  7:43  Probe  
  88  8:09  Stargate  
  88  8:21  Zealot x2  
  88  8:26  Gateway  
  92  8:30  Fleet Beacon  
  92  8:32  Pylon  
  92  8:41  Zealot x2  
  94  8:46  Probe  
  96  8:49  Probe x2  
  96  8:52  Assimilator  
  96  8:54  Probe  
  99  8:56  Void Ray  
  99  9:01  Probe  
  106  9:02  Probe  
  106  9:03  Probe  
  106  9:08  Pylon  
  106  9:09  Zealot  
  109  9:13  Tempest, Probe, Zealot  
  109  9:15  Probe  
  109  9:16  Probe  
  119  9:20  Zealot  
  121  9:25  Probe x2  
  121  9:27  Tempest  
  121  9:28  Probe  
  121  9:30  Pylon  
  124  9:34  Probe  
  124  9:37  Probe  
  131  9:40  Probe  
  131  9:43  Probe  
  132  9:48  Probe  
  132  9:49  Zealot  
  132  9:52  Pylon, Zealot  
  138  9:55  Probe  
  138  9:56  Probe x2  
  141  10:08  Protoss Shields Level 1  
  141  10:10  Void Ray, Phoenix  
  141  10:12  Pylon  
  147  10:14  Phoenix  
  149  10:21  Protoss Air Weapons Level 1  
  149  10:23  Twilight Council  
  149  10:27  Pylon  
  143  10:30  Pylon  
  143  10:35  Stalker, Phoenix  
  135  10:37  Stalker  
  135  10:40  Stalker  
  137  10:50  Charge  
  137  10:52  Void Ray  
  141  10:57  Stalker  
  141  11:00  Stalker, Protoss Ground Weapons Level 2  
  141  11:03  Photon Cannon  
  145  11:06  Photon Cannon  
  145  11:09  Pylon  
  145  11:11  Pylon  
  145  11:13  Stargate  
  145  11:19  Nexus  
  145  11:22  Void Ray  
  145  11:31  Photon Cannon  
  149  11:34  Photon Cannon  
  149  11:38  Photon Cannon  
  149  11:41  Photon Cannon  
  149  11:45  Void Ray  
  153  11:48  Phoenix  
  155  11:56  Phoenix  
  155  11:58  Tempest  
  157  12:02  Warp Prism  
  157  12:08  Assimilator  
  164  12:16  Photon Cannon  
  164  12:23  Gateway  
  164  12:24  Protoss Air Armor Level 1  
  164  12:27  Zealot  
  166  12:31  Pylon, Probe  
  166  12:32  Probe x2  
  166  12:33  Probe, Observer  
  166  12:36  Oracle  
  173  12:38  Zealot x2  
  176  12:47  Phoenix, Zealot  
  176  12:48  Pylon  
  180  12:51  Observer  
  180  12:52  Oracle  
  180  12:57  Anion Pulse-Crystals  
  182  12:59  Zealot  
  182  13:00  Photon Cannon  
  182  13:08  Robotics Facility  
  182  13:10  Photon Cannon  
  178  13:13  Pylon, Zealot  
  178  13:14  Protoss Ground Armor Level 2  
  178  13:18  Nexus  
  174  13:26  Photon Cannon  
  174  13:27  Phoenix  
  172  13:30  Gateway  
  172  13:34  Photon Cannon  
  172  13:37  Photon Cannon  
  172  13:59  Robotics Facility, Tempest  
  177  14:03  Assimilator  
  177  14:04  Zealot  
  177  14:09  Zealot x3  
  183  14:17  Forge  
  183  14:20  Oracle  
  183  14:22  Robotics Bay  
  181  14:24  Zealot x2  
  181  14:29  Void Ray, Zealot  
  187  14:43  Pylon  
  191  14:49  Void Ray, Nexus  
  191  14:54  Void Ray  
  191  14:58  Gateway  
  199  15:04  Stargate  
  199  15:05  Gravitic Boosters  
  199  15:13  Photon Cannon  
  199  15:17  Pylon  
  199  15:31  Assimilator  
  199  15:33  Assimilator  
  199  15:37  Assimilator  
  199  15:40  Photon Cannon  
  199  15:42  Photon Cannon  
Tags
 
Add a new tag
Caveats
  • Supply blocks, unpowered buildings, or Contaminate may cause inaccurate times.
  • Supply counts are checked every 10 seconds.